 Dungeon Crawl Stone Soup version 0.29.1-2-gbd0b4ee654 (webtiles) character file.

Game seed: 2646014582451871210

252 Ihaveafatcat the Chopper (level 6, -3/53 HPs)
             Began as a Hill Orc Fighter on Nov 15, 2022.
             Slain by a water moccasin (6 damage)
             ... on level 3 of the Dungeon.
             The game lasted 00:04:47 (4325 turns).

Ihaveafatcat the Chopper (Hill Orc Fighter)         Turns: 4325, Time: 00:04:47

Health: -3/53      AC:  7    Str: 21    XL:     6   Next: 13%
Magic:  6/6        EV:  9    Int:  8    God:
Gold:   189        SH:  4    Dex: 10    Spells: 5/5 levels left

rFire   . . .      SeeInvis .   a - +0 war axe
rCold   . . .      Faith    .   c - +0 buckler
rNeg    . . .      Spirit   .   b - +0 scale mail
rPois   .          Reflect  .   (no helmet)
rElec   .          Harm     .   (no cloak)
rCorr   .          Rampage  .   (no gloves)
Will    .....                   (no boots)
Stlth   ..........              (no amulet)
HPRegen 0.17/turn               (no ring)
MPRegen 0.10/turn               (no ring)

@: lethally poisoned (-3 -> -9)
A: no striking features
a: no special abilities


You were on level 3 of the Dungeon.
You visited 1 branch of the dungeon, and saw 3 of its levels.

You collected 189 gold pieces.

Inventory:

Hand Weapons
 a - a +0 war axe (weapon)
Missiles
 t - a throwing net (quivered)
Armour
 b - a +0 scale mail (worn)
 c - a +0 buckler (worn)
Jewellery
 p - an amulet of magic regeneration
Scrolls
 f - 5 scrolls of identify {unknown}
 g - a scroll of acquirement {unknown}
 h - a scroll of enchant weapon {unknown}
 m - 2 scrolls of enchant armour {unknown}
 n - a scroll of immolation {unknown}
 q - a scroll of poison {unknown}
 s - 2 scrolls of blinking {unknown}
Potions
 d - a potion of might
 i - a potion of curing
 j - a potion of ambrosia {unknown}
 k - 2 potions of mutation {unknown}
 l - a potion of haste {unknown}
 o - a potion of berserk rage {unknown}
 r - a potion of magic {unknown}
 u - 2 potions of attraction {unknown}
 v - a potion of degeneration {unknown}
 w - 2 potions of lignification {unknown}


   Skills:
 + Level 4.5 Fighting
 + Level 5.8 Axes
 + Level 4.3 Armour
 + Level 1.0 Dodging
 + Level 0.1 Stealth
 + Level 4.0 Shields


You had 5 spell levels left.
You didn't know any spells.
Your spell library contained the following spells:

 Spells                   Type           Power      Damage    Failure   Level
 Slow                     Hex            0%         N/A       83%         1
 Confusing Touch          Hex            0%         N/A       99%         3
 Vampiric Draining        Necr           0%         2d6       99%         3
 Malign Gateway           Summ/Tloc      0%         N/A       100%        7
 Summon Horrible Things   Summ           0%         N/A       100%        8


Dungeon Overview and Level Annotations

Branches:
Dungeon (3/15)

Altars:
The Shining One


Message History

You closely miss the water moccasin.
The water moccasin is lightly wounded.
You feel sick. The water moccasin closely misses you.
A water moccasin is nearby!
You closely miss the water moccasin.
The water moccasin is lightly wounded.
You feel sick. The water moccasin closely misses you.
The water moccasin bites you.
You are more poisoned.
The water moccasin poisons you!
A water moccasin is nearby!
You slash the water moccasin!
The water moccasin is severely wounded.
You feel very sick. The water moccasin bites you! The water moccasin bites you.
* * * LOW HITPOINT WARNING * * *
You are lethally poisoned!
The water moccasin poisons you!
Unknown command.
* * * LOW HITPOINT WARNING * * *
You feel very sick. The water moccasin bites you!
* * * LOW HITPOINT WARNING * * *
There is a lethal amount of poison in your body!
You feel better. The water moccasin bites you.
* * * LOW HITPOINT WARNING * * *
You are lethally poisoned!
The water moccasin poisons you!
The water moccasin bites you but does no damage.
You hit the water moccasin.
The water moccasin is severely wounded.
* * * LOW HITPOINT WARNING * * *
You feel very sick. The water moccasin bites you.
* * * LOW HITPOINT WARNING * * *
You barely miss the water moccasin.
The water moccasin is severely wounded.
* * * LOW HITPOINT WARNING * * *
You feel sick. The water moccasin bites you.
You die...

#..#.##.# #.......#
##.####.#### #.# ##.##.##
#.###....#.##
#.##.....##.##
#.##.....###.# ####
#........##.##########...
#####..S@#...............
##.......############
####.#### #.# #.# #.#
#.##### ## #.....# ##.
#####.# #.#


You could see a water moccasin.

Vanquished Creatures
  A howler monkey (D:3)
  7 adders
  3 river rats (D:3)
  6 worms
  4 dart slugs
  5 bats
  20 endoplasms
  6 giant cockroaches
  7 goblins
  6 hobgoblins
  9 jackals
  A quokka (D:3)
  A ball python (D:3)
  6 frilled lizards
  6 kobolds
  9 rats
97 creatures vanquished.

Vanquished Creatures (others)
  11 plants
11 creatures vanquished.

Grand Total: 108 creatures vanquished

Notes
Turn   | Place    | Note
-------+----------+-------------------------------------------
     0 | D:1      | Ihaveafatcat the Hill Orc Fighter began the quest for the
                  | Orb.
     0 | D:1      | Reached XP level 1. HP: 19/19 MP: 1/1
   194 | D:1      | Reached XP level 2. HP: 27/27 MP: 2/2
   766 | D:1      | Reached skill level 3 in Axes
   930 | D:1      | Reached XP level 3. HP: 27/33 MP: 3/3
  1093 | D:1      | Found a faded altar of an unknown god.
  1852 | D:2      | Found a glowing golden altar of the Shining One.
  1942 | D:2      | Reached skill level 4 in Axes
  1942 | D:2      | Reached XP level 4. HP: 33/40 MP: 4/4
  3014 | D:3      | Reached XP level 5. HP: 40/46 MP: 5/5
  3186 | D:3      | Reached skill level 5 in Axes
  3662 | D:3      | Reached XP level 6. HP: 30/53 MP: 6/6
  3666 | D:3      | Reached skill level 1 in Dodging
  3928 | D:3      | Noticed a water moccasin
  4322 | D:3      | HP: 1/53 [water moccasin (8)]
  4325 | D:3      | Slain by a water moccasin

Illustrated notes

Levels and vault maps discovered:
D:1:      lemuel_arrival_room, layout_loops_corners,
          shapermc_ecumenical_altar_mp_ritualfount
D:2:      layout_basic, basic_altar, minmay_cupped
D:3:      layout_loops_ring, lightli_sewer_entry_pipes, serial_bayou_pond_b

Skill      XL: |  1  2  3  4  5  6 |
---------------+-------------------+-----
Axes           | 3 4 5 |  5.8
Fighting       | 4 |  4.5
Armour         | 4 |  4.3
Shields        | 4 |  4.0
Dodging        | 1 |  1.0
Stealth        | |  0.1

Action                   |  1- 3 |  4- 6 || total
-------------------------+-------+-------++-------
Melee: War axe           |   152 |   175 ||   327
  Use: Scroll            |       |     2 ||     2
       Potion            |       |     1 ||     1
Armor: Scale mail        |    73 |    80 ||   153
Dodge: Dodged            |    58 |    88 ||   146
Block: Buckler           |    30 |    40 ||    70
